 Seeded DCSS version 0.30.0-5-g1a98f26d00 (webtiles) character file.

Game seed: 1779060243905392848 (custom seed)

115417 hikkokomori the Warrior (level 16, -10/159 HPs)
             Began as a Minotaur Berserker on May 7, 2023.
             Was the Champion of Trog.
             Mangled by a bunyip (20 damage)
             ... on level 2 of the Swamp on May 9, 2023.
             The game lasted 00:53:17 (23984 turns).

hikkokomori the Warrior (Minotaur Berserker)       Turns: 23984, Time: 00:53:18

Health: -10/159    AC: 38    Str: 33    XL:     16   Next: 18%
Magic:  0/15       EV: 11    Int:  4    God:    Trog [******]
Gold:   960        SH:  0    Dex: 13    Spells: 15/15 levels left

rFire   + + .        M - +8 battleaxe (freeze)
rCold   + + .        (shield currently unavailable)
rNeg    . . .        G - +9 scales of the Dragon King {rPois rF+ rC+ Will+}
rPois   +            (helmet restricted)
rElec   .            S - +2 cloak of the Little Devil {rPois rF+ rC+}
rCorr   .            K - +3 pair of gauntlets of War {Slay+5}
SInv    +            k - +0 pair of boots
Will    ++...        w - amulet of guardian spirit Stlth
                     i - ring of see invisible
HPRegen 0.46/turn    N - +6 ring of strength
MPRegen 0.14/turn

%: guardian spirit
@: slowed, very slow
A: horns 2, retaliatory headbutt
a: Renounce Religion, Berserk, Trog's Hand, Brothers in Arms


You were on level 2 of the Swamp.
You worshipped Trog.
Trog was exalted by your worship.
You visited 4 branches of the dungeon, and saw 24 of its levels.
You visited the Abyss 1 time.
You also visited: Bailey and Gauntlet.

You collected 2547 gold pieces.
You spent 1587 gold pieces at shops.

Inventory:

Hand Weapons
 t - a +3 antimagic broad axe
 M - a +8 battleaxe of freezing (weapon)
Missiles
 b - 2 throwing nets
 f - 13 javelins
 x - 48 poisoned darts (quivered)
 T - 2 silver javelins
Armour
 k - a +0 pair of boots (worn)
 r - a +2 cloak of preservation
 G - the +9 scales of the Dragon King (worn) {rPois rF+ rC+ Will+}
   (You found it on level 6 of the Dungeon)

   rF:        It protects you from fire.
   rC:        It protects you from cold.
   rPois:     It protects you from poison.
   Will:      It increases your willpower.
 K - the +3 pair of gauntlets of War (worn) {Slay+5}
   (You bought it in a shop on level 3 of the Dungeon)

   Slay:      It affects your accuracy & damage with ranged weapons and melee
   (+5).
 S - the +2 cloak of the Little Devil (worn) {rPois rF+ rC+}
   (You found it in a Gauntlet)

   rF:        It protects you from fire.
   rC:        It protects you from cold.
   rPois:     It protects you from poison.
Jewellery
 i - a ring of see invisible (left hand)
 w - an amulet of guardian spirit (around neck)
 y - a ring of resist corrosion
 N - a +6 ring of strength (right hand)
 Z - a ring of willpower
Wands
 a - a wand of flame (30)
 B - a wand of quicksilver (40)
 E - a wand of roots (8)
 P - a wand of charming (7)
 R - a wand of mindburst (7)
 X - a wand of digging (2)
Scrolls
 c - 2 scrolls of silence
 h - 15 scrolls of teleportation
 j - 3 scrolls of immolation
 o - 8 scrolls of fear
 q - a scroll of magic mapping
 u - 5 scrolls of vulnerability
 v - 3 scrolls of blinking
 C - 4 scrolls of enchant armour
 F - 4 scrolls of poison
 J - a scroll of summoning
 L - 5 scrolls of fog
Potions
 d - 4 potions of flight
 e - 2 potions of magic
 g - 3 potions of attraction
 l - 13 potions of curing
 m - 3 potions of heal wounds
 n - 3 potions of cancellation
 p - a potion of berserk rage
 s - a potion of ambrosia
 z - 3 potions of resistance
 A - 6 potions of mutation
 D - 4 potions of might
 H - 2 potions of lignification
 U - a potion of invisibility
 V - a potion of haste
Miscellaneous
 O - a phantom mirror
 W - a lightning rod (4/4)


   Skills:
 + Level 18.6 Fighting
 + Level 18.6 Axes
 - Level 8.0 Throwing
 + Level 14.4 Armour
 + Level 10.8 Dodging
 - Level 4.1 Stealth
 - Level 8.0 Evocations


You had 15 spell levels left.
You didn't know any spells.
Your spell library was empty.

Dungeon Overview and Level Annotations

Branches:
Dungeon (15/15)            Temple (0/1) D:6            Lair (5/5) D:11
  Swamp (2/4) Lair:3       Spider (0/4) Lair:3        Slime (0/5) Lair:4
    Orc (2/2) D:11            Elf (0/3) Orc:2        Vaults (0/5) D:14
 Depths (0/4) D:15         Bailey (visited)         Gauntlet (visited)

Altars:
Dithmenos
Elyvilon
Hepliaklqana
Kikubaaqudgha
Makhleb
Nemelex Xobeh
Okawaru
Ru
Sif Muna
Uskayaw
Vehumet
Yredelemnul
The Shining One
Jiyva

Shops:
D:3 [   D:4 :   D:8 [   D:9 *   Orc:2 ?:[:

Portals:
Hell: Lair:5


Innate Abilities, Weirdness & Mutations

You have a pair of horns on your head.
You reflexively headbutt those who attack you in melee.


Message History

You hit the eight-headed hydra but do no damage.
The eight-headed hydra is severely wounded.
You barely miss the bunyip. You slice the spriggan rider!!
You freeze the spriggan rider!
The spriggan rider hits you with a +0 spear!
The eight-headed hydra bites you but does no damage.
The eight-headed hydra completely misses you.
The eight-headed hydra bites you but does no damage. x2
The eight-headed hydra bites you!
The eight-headed hydra bites you but does no damage. x2
The eight-headed hydra bites you.
You chop one of the eight-headed hydra's heads off!
The seven-headed hydra grows two more!
You slice the nine-headed hydra!!
The nine-headed hydra seems to slow down.
You freeze the nine-headed hydra! You headbutt the nine-headed hydra.
You kill the nine-headed hydra!
Trog accepts your kill.
You slash the spriggan rider!
You kill the hornet!
Trog accepts your kill.
The spriggan falls from its now dead mount.
You freeze the spriggan!
You kill the spriggan!
Trog accepts your kill.
You barely miss the bunyip. The bunyip claws you!! x2
* * * LOW HITPOINT WARNING * * *
The bunyip claws you.
* * * LOW HITPOINT WARNING * * *
You slash the bunyip! You freeze the bunyip.
The bunyip is heavily wounded.
Unknown command.
You slash the bunyip! You freeze the bunyip. Your headbutt misses the bunyip.
The bunyip is severely wounded.
Unknown command.
You slash the bunyip! You freeze the bunyip.
The bunyip is severely wounded.
The bunyip claws you!!
* * * LOW HITPOINT WARNING * * *
The bunyip claws you!!
You die...

♣♣.♣ ..♣ ~~ ♣~♣♣
..♣ ~.. ♣..♣♣..♣
♣... ♣♣..♣.~.♣
♣...♣♣♣♣§..~.~~♣
♣....♣.≈≈≈.≈≈≈.♣♣
♣..~.≈...≈..)≈.♣
♣...≈x[†♣.♣...≈..~.
♣..≈.♣@♣♣♣♣♣.♣.≈.♣♣
♣♣≈..)♣..≈..♣...≈.♣
♣≈..♣ ......♣..≈♣♣
♣≈.♣ .P♣P..♣♣.≈♣
♣/≈ .♣♣ .≈♣ ≈.♣ ..≈
.P .♣ ≈♣ .~~ ≈. ♣
~.~ ≈.


You could see a bunyip.

Vanquished Creatures
  Jorgrun (Orc:2)
  A fire giant (D:15)
  2 orc warlords
  An eleionoma (shapeshifter) (D:15)
  An eleionoma (Swamp:1)
  A minotaur (Gauntlet)
  A bunyip (Swamp:1)
  Josephine (D:10)
  Harold (Lair:1)
  5 vault guards (D:14)
  3 rakshasas (D:14)
  Erolcha (Orc:2)
  2 ogre magi
  9 hydras
  3 centaur warriors
  4 catoblepae
  A death knight (D:15)
  5 two-headed ogres
  3 alligators
  2 boulder beetles
  A hell hog (Gauntlet)
  An orc high priest (Orc:2)
  5 spriggans
  A spriggan berserker (Swamp:1)
  Sonja (Orc:1)
  3 skysharks (Lair:5)
  A deep elf knight (D:14)
  A goliath frog (Swamp:1)
  3 skeletal warriors (D:13)
  A sixfirhy (Lair:5)
  An orb spider (Lair:3)
  A death drake (Swamp:2)
  A bog body (Swamp:1)
  2 lindwurms (Lair:5)
  2 wizards
  2 deep elf pyromancers
  9 orc sorcerers (Orc:2)
  4 will-o-the-wisps
  An orc knight (Bailey)
  6 cyclopes
  A manticore (D:12)
  3 oklob plants
  7 ugly things
  6 elephants
  Maurice (D:11)
  4 black mambas
  An unseen horror (D:10)
  2 orange demons (Lair:5)
  A torpor snail (Lair:2)
  3 gargoyles
  An eye of devastation (shapeshifter) (D:15)
  13 cane toads
  6 komodo dragons
  3 rime drakes
  An efreet (D:13)
  A freezing wraith (D:14)
  A red devil (Lair:5)
  A tengu conjurer (D:14)
  4 ice devils
  4 trolls
  An ancient zyme (Abyss:1)
  3 polar bears
  A hellwing (Lair:5)
  3 meliai (D:13)
  A tyrant leech (Swamp:2)
  7 hornets
  A large abomination (Abyss:1)
  A raiju (Gauntlet)
  A dream sheep (shapeshifter) (D:15)
  9 dream sheep
  A vampire (D:9)
  3 shadows
  7 slime creatures (D:14)
  7 wraiths
  7 wyverns
  63 yaks
  3 fire bats (Gauntlet)
  A neqoxec (Gauntlet)
  A steam dragon (D:8)
  4 basilisks
  A chaos spawn (Gauntlet)
  13 vampire mosquitoes
  6 swamp worms
  A warg (Orc:1)
  18 water moccasins
  2 acid dragons
  7 hell hounds
  2 ice beasts
  A sky beast (D:8)
  A black bear (D:7)
  25 orc warriors
  14 ogres
  15 wolves
  10 centaurs
  A phantom (D:6)
  2 kobold brigands
  Blork the orc (D:5)
  A gnoll sergeant (D:8)
  14 bullfrogs
  4 wights (D:6)
  4 killer bees (D:8)
  8 howler monkeys
  8 electric eels
  3 jellies (D:6)
  6 hounds
  12 orc priests
  2 gnoll boudas
  2 iguanas
  34 orc wizards
  4 sleepcaps
  A lightning spire (Gauntlet)
  4 adders
  16 gnolls
  A shadow imp (D:7)
  6 white imps
  2 worms (D:4)
  73 orcs
  5 ball pythons
  3 bats
  6 endoplasms
  A giant cockroach (D:4)
  12 hobgoblins
  3 quokkas
  5 frilled lizards
  10 goblins
  23 kobolds
  6 rats
683 creatures vanquished.

Vanquished Creatures (collateral kills)
  4 yaks (D:11)
  2 orcs (D:11)
6 creatures vanquished.

Vanquished Creatures (others)
  An orc (Orc:2)
  10 foxfires
11 creatures vanquished.

Grand Total: 700 creatures vanquished

Notes
Turn   | Place    | Note
-------+----------+-------------------------------------------
     0 | D:1      | hikkokomori the Minotaur Berserker began the quest for the
                  | Orb.
     0 | D:1      | Reached XP level 1. HP: 19/19 MP: 0/0
   405 | D:1      | Reached XP level 2. HP: 27/27 MP: 1/1
   989 | D:2      | Reached ** piety under Trog
  1229 | D:2      | Reached XP level 3. HP: 34/34 MP: 2/2
  1272 | D:2      | Found a faded altar of an unknown god.
  1466 | D:3      | Found Maeh's Antique Armour Boutique.
  1699 | D:3      | Found a white marble altar of Elyvilon.
  1801 | D:3      | Found a hazy altar of Hepliaklqana.
  1805 | D:3      | Found a sparkling altar of Nemelex Xobeh.
  1917 | D:4      | Reached XP level 4. HP: 33/41 MP: 3/3
  1920 | D:4      | Reached skill level 5 in Fighting
  1920 | D:4      | Reached skill level 5 in Axes
  2006 | D:4      | Noticed an ice beast
  2017 | D:4      | Killed an ice beast
  2018 | D:4      | Reached XP level 5. HP: 50/50 MP: 4/4
  2026 | D:4      | Noticed an ogre
  2064 | D:4      | Killed an ogre
  2179 | D:4      | Reached XP level 6. HP: 57/57 MP: 5/5
  2183 | D:4      | Found Ydawoarr's Book Boutique.
  2376 | D:4      | Reached *** piety under Trog
  2581 | D:4      | Found a glowing golden altar of the Shining One.
  2677 | D:4      | Found a hide-covered altar of Uskayaw.
  2725 | D:5      | Entered Level 5 of the Dungeon
  2865 | D:5      | Found a shadowy altar of Dithmenos.
  2871 | D:5      | Reached XP level 7. HP: 57/66 MP: 6/6
  3274 | D:5      | Noticed Blork the orc
  3280 | D:5      | Killed Blork the orc
  3822 | D:6      | Found a staircase to the Ecumenical Temple.
  3830 | D:6      | Reached XP level 8. HP: 29/72 MP: 7/7
  4074 | D:6      | Found a radiant altar of Vehumet.
  4206 | D:6      | Reached skill level 10 in Fighting
  4206 | D:6      | Reached skill level 10 in Axes
  4338 | D:6      | Reached XP level 9. HP: 30/86 MP: 8/8
  4513 | D:6      | Found the +9 scales of the Dragon King {rPois rF+ rC+
                  | Will+}
  4886 | D:7      | Found a shimmering blue altar of Sif Muna.
  4946 | D:7      | Found a flagged portal.
  4966 | Bailey   | Entered a bailey
  4985 | Bailey   | Noticed an orc warlord
  4994 | Bailey   | Reached **** piety under Trog
  5022 | Bailey   | Noticed an orc knight
  5034 | Bailey   | Killed an orc knight
  5082 | Bailey   | Found a runed translucent gate.
  5085 | Bailey   | Found a runed translucent gate.
  5087 | Bailey   | Found a runed translucent gate.
  5263 | Bailey   | Killed an orc warlord
  5264 | Bailey   | Reached XP level 10. HP: 100/100 MP: 9/9
  5312 | D:7      | Upgraded the game from 0.30.0-3-ga4e48a9924 to
                  | 0.30.0-5-g1a98f26d00
  5843 | D:8      | Reached skill level 1 in Evocations
  6433 | D:8      | Found Isehax's Armour Shop.
  6656 | D:9      | Identified the +5 sling "Nompomn" {drain, rElec MP+9}
  6855 | D:9      | Found a sacrificial altar of Ru.
  7457 | D:9      | Found Zeynatra's CLEARANCE SALE!.
  7460 | D:9      | Bought a scroll of immolation for 12 gold pieces
  7460 | D:9      | Bought a scroll of teleportation for 9 gold pieces
  7632 | D:10     | Entered Level 10 of the Dungeon
  7840 | D:10     | Found a basalt altar of Yredelemnul.
  7912 | D:10     | Reached skill level 1 in Throwing
  7912 | D:10     | Reached skill level 5 in Armour
  7939 | D:10     | Noticed Josephine
  7956 | D:10     | Killed Josephine
  7962 | D:10     | Reached XP level 11. HP: 107/107 MP: 10/10
  8792 | D:11     | Noticed a two-headed ogre
  8801 | D:11     | Killed a two-headed ogre
  9150 | D:11     | Found a staircase to the Lair.
  9284 | D:11     | Noticed Maurice
  9296 | D:11     | Noticed a cyan ugly thing
  9297 | D:11     | Killed Maurice
  9317 | D:11     | Reached ***** piety under Trog
  9324 | D:11     | Killed a cyan ugly thing
  9478 | D:11     | Reached skill level 5 in Evocations
  9689 | D:11     | Reached XP level 12. HP: 117/117 MP: 11/11
  9894 | D:11     | Found a staircase to the Orcish Mines.
  9969 | Lair:1   | Entered Level 1 of the Lair of Beasts
 10661 | Lair:1   | Noticed Harold
 10674 | Lair:1   | Killed Harold
 10941 | Lair:2   | Identified the +1 robe "Estraahorch" {Will- Int+6 Slay+3}
 10985 | Lair:2   | Reached XP level 13. HP: 125/125 MP: 12/12
 11331 | Lair:2   | Found a burning altar of Makhleb.
 11888 | Lair:3   | Found a hole to the Spider Nest.
 12068 | Lair:3   | Reached skill level 15 in Fighting
 12073 | Lair:3   | Reached skill level 15 in Axes
 12077 | Lair:3   | Received a gift from Trog
 12624 | Lair:3   | Found a staircase to the Swamp.
 14050 | Lair:4   | Found a viscous altar of Jiyva.
 14052 | Lair:4   | Found a staircase to the Slime Pits.
 14272 | Lair:5   | Entered Level 5 of the Lair of Beasts
 14427 | Lair:5   | Reached skill level 10 in Armour
 14602 | Lair:5   | Reached XP level 14. HP: 103/136 MP: 13/13
 14812 | Lair:5   | Reached skill level 5 in Dodging
 15914 | Lair:5   | Found a burning altar of Makhleb.
 15928 | Lair:5   | Received a gift from Trog
 15944 | Lair:5   | Found a gateway to Hell.
 17008 | Orc:1    | Entered Level 1 of the Orcish Mines
 17010 | Orc:1    | Noticed Sonja
 17029 | Orc:1    | Killed Sonja
 17734 | Orc:2    | Entered Level 2 of the Orcish Mines
 17914 | Orc:2    | Noticed Jorgrun
 17926 | Orc:2    | Killed Jorgrun
 18049 | Orc:2    | Noticed an orc warlord
 18128 | Orc:2    | Killed an orc warlord
 18351 | Orc:2    | Found a staircase to the Elven Halls.
 18470 | Orc:2    | Noticed Erolcha
 18475 | Orc:2    | Found Paph's Magic Scroll Shop.
 18481 | Orc:2    | Killed Erolcha
 18489 | Orc:2    | Reached ****** piety under Trog
 18498 | Orc:2    | Found an ancient bone altar of Kikubaaqudgha.
 18505 | Orc:2    | Found Hubriehe's Book Boutique.
 18514 | Orc:2    | Received a gift from Trog
 18526 | Orc:2    | Found a radiant altar of Vehumet.
 18544 | Orc:2    | Found Pennenit's Antique Armour Shop.
 18590 | Orc:2    | Bought a scroll of fog for 56 gold pieces
 18590 | Orc:2    | Bought a scroll of enchant weapon for 105 gold pieces
 18590 | Orc:2    | Bought a scroll of identify for 28 gold pieces
 18600 | Orc:2    | Found Wyilatz's Book Boutique.
 19018 | D:3      | Bought the +3 pair of gauntlets of War {Slay+5} for 1377
                  | gold pieces
 19018 | D:3      | Found the +3 pair of gauntlets of War {Slay+5}
 19260 | D:12     | Found a gate leading to a gauntlet.
 19297 | Gauntlet | Entered a Gauntlet
 19297 | Gauntlet | Found a transporter.
 19301 | Gauntlet | Found a transporter.
 19304 | Gauntlet | Found a transporter.
 19315 | Gauntlet | Found a transporter.
 19316 | Gauntlet | Found a transporter.
 19322 | Gauntlet | Found a transporter.
 19330 | Gauntlet | Found a transporter.
 19334 | Gauntlet | Found a transporter.
 19345 | Gauntlet | Found a transporter.
 19346 | Gauntlet | Found a transporter.
 19354 | Gauntlet | Found a transporter.
 19381 | Gauntlet | Found a transporter.
 19393 | Gauntlet | Found a transporter.
 19417 | Gauntlet | Found a transporter.
 19464 | Gauntlet | Reached XP level 15. HP: 143/147 MP: 14/14
 19548 | Gauntlet | Identified the +0 ring mail of Mirth {Will+ rCorr Int-4}
 19654 | Gauntlet | Identified the +0 scale mail of Xoilawito {rElec rN+ MP+9
                  | Dex+3}
 19686 | Gauntlet | Identified the +0 chain mail "Uxatang" {Str+3}
 19686 | Gauntlet | Identified the +2 cloak of the Little Devil {rPois rF+ rC+}
 20913 | D:13     | Received a gift from Trog
 21095 | Abyss:1  | Cast into level 1 of the Abyss (orc wizard)
 21164 | D:14     | Escaped the Abyss
 21663 | D:14     | Found a gate to the Vaults.
 22078 | D:15     | Entered Level 15 of the Dungeon
 22082 | D:15     | Found a staircase to the Depths.
 22082 | D:15     | Noticed a fire giant
 22532 | D:15     | Reached skill level 10 in Dodging
 22681 | D:15     | Killed a fire giant
 22681 | D:15     | Identified the +3 battleaxe "Quick Worm" {flame, rPois
                  | Str+3 Dex-5} (Trog gifted it to you on level 15 of the
                  | Dungeon)
 22681 | D:15     | Received a gift from Trog
 22851 | D:15     | Found an iron altar of Okawaru.
 23259 | Swamp:1  | Entered Level 1 of the Swamp
 23297 | Swamp:1  | Reached XP level 16. HP: 113/159 MP: 12/15
 23984 | Swamp:2  | Mangled by a bunyip

Illustrated notes

Levels and vault maps discovered:
D:1:      minmay_arrival_jagged, layout_loops_ring
D:2:      layout_loops_ring, basic_ecumenical_altar, minmay_pentomino_q2
D:3:      layout_basic, minitemple, serial_shops, shop_statue,
          minmay_randomly_rotated_circles
D:4:      layout_rooms, mainiacjoe_overflow_alcove_1,
          nicolae_tso_swordbearing_angel, serial_shops, shop,
          grunt_decor_one_mirror
D:5:      layout_loops_corners, nicolae_dithmenos_the_darkroom, serial_glass,
          glass_columns_a, glass_columns_b, uniq_blork_the_orc
D:6:      layout_basic, temple_fountains, minmay_ruined_shrine
D:7:      layout_basic, overflow_temple_1_default, enter_bailey_1,
          nicolae_concentric_dashed_squares_mild
D:8:      layout_loops_cross, serial_shops, shop_coins
D:9:      layout_basic, mainiacjoe_overflow_boulevard, grunt_decor_fettered,
          hangedman_abyss_or_decor_passed, nicolae_shop_clearance
D:10:     layout_roguey, kennysheep_mini_moat, uniq_josephine
D:11:     layout_basic, lair_entry_dummy, erik_orc_2, uniq_maurice
D:12:     layout_loops_ring, gauntlet_entry_generic
D:13:     layout_rooms
D:14:     layout_basic, grunt_vaults_entry_fortified, palyth_stone_intersect,
          nicolae_burly_brawl
D:15:     grunt_enter_depths_giant_problem, layout_irregular_city,
          ebering_dispersal_statue_hall, okawaru_ov_weapons_minmay
Lair:1:   layout_cave_pods, grunt_megastairs_4, uniq_harold
Lair:2:   layout_hall_layers, basic_altar, nicolae_quartered_pool_little,
          serial_bayou_pond_a
Lair:3:   layout_gridlike, minmay_swamp_entry_eels,
          nicolae_spider_entry_orb_guardian, serial_bayou_shore_b,
          serial_bayou_shore_a, lemuel_fruit_tree, serial_bayou_shore_b,
          grunt_megastairs_1
Lair:4:   layout_roguey, minmay_slime_entry_oklob_enclosed,
          chequers_serial_rivers_micro_b
Lair:5:   evil_forest, layout_hall_layers, grunt_megastairs_3
Swamp:1:  layout_falls_marsh, evilmike_swamp_ruin_house_2
Swamp:2:  layout_falls_marsh, hangedman_swamp_pad, grunt_witch_cave,
          infiniplex_staircase_pool_2
Orc:1:    layout_caves, basic_altar, mines3_lemuel, uniq_sonja
Orc:2:    kennysheep_orc_mage_school, layout_caves, uniq_jorgrun

Skill      XL: |  1  2  3  4  5  6  7  8  9 10 11 12 13 14 15 |
---------------+----------------------------------------------+-----
Fighting       | 4 5 6 7 8 10 12 13 14 15 17 18 | 18.6
Axes           | 4 5 6 7 8 10 12 13 14 15 17 18 | 18.6
Armour         | 5 7 10 12 14 | 14.4
Evocations     | 3 6 7 8 |  8.0
Throwing       | 2 6 8 |  8.0
Stealth        | 4 |  4.1
Dodging        | 4 8 10 | 10.8

Action                     |  1- 3 |  4- 6 |  7- 9 | 10-12 | 13-15 | 16-18 || total
---------------------------+-------+-------+-------+-------+-------+-------++-------
  Melee: Hand axe          |    94 |    53 |       |       |       |       ||   147
         Headbutt          |    18 |    14 |    32 |    44 |   152 |     7 ||   267
         War axe           |       |    19 |   183 |       |    19 |       ||   221
         Punch             |       |       |     2 |       |       |       ||     2
         Battleaxe         |       |       |       |   259 |   752 |    55 ||  1066
   Fire: Sling             |       |       |       |       |     2 |       ||     2
  Throw: Dart              |       |       |     3 |       |       |       ||     3
         Javelin           |       |       |       |       |     4 |       ||     4
 Invoke: Berserk           |       |     3 |     5 |     4 |     9 |       ||    21
         Trog's Hand       |       |       |       |     2 |     4 |       ||     6
  Evoke: Wand              |       |       |     1 |     5 |     5 |       ||    11
         Phantom mirror    |       |       |       |     1 |     1 |       ||     2
    Use: Potion            |       |       |     1 |     2 |     2 |       ||     5
         Scroll            |       |       |       |    16 |    21 |       ||    37
   Stab: Distracted        |     1 |       |     1 |       |       |     1 ||     3
         Petrified         |       |       |       |       |     1 |       ||     1
 Armour: Chain mail        |    53 |    35 |    36 |       |       |       ||   124
         Gold dragon scale |       |       |    46 |   232 |   722 |    53 ||  1053
  Dodge: Dodged            |    51 |    28 |    61 |    68 |   326 |    27 ||   561
